 Dungeon Crawl Stone Soup version 0.18.1-6-gd335043 (webtiles) character file.

116 Gargoyl the Skirmisher (level 4, 0/37 HPs)
             Began as a Demonspawn Abyssal Knight on May 16, 2016.
             Was a Follower of Lugonu.
             Slain by a worm (5 damage)
             ... on level 2 of the Dungeon.
             The game lasted 00:02:07 (1263 turns).

Gargoyl the Skirmisher (Demonspawn Abyssal Knight)  Turns: 1263, Time: 00:02:08

Health: 0/37       AC:  3    Str: 13    XL:     4   Next: 70%
Magic:  6/6        EV: 11    Int: 14    God:    Lugonu [*.....]
Gold:   83         SH:  0    Dex: 12    Spells: 0 memorised, 3 levels left

rFire  . . .     SeeInvis .     a - +1 hand axe
rCold  . . .     Gourm    .     b - +0 leather armour
rNeg   . . .     Faith    .     (no shield)
rPois  .         Spirit   .     (no helmet)
rElec  .         Dismiss  .     (no cloak)
rCorr  .         Reflect  .     (no gloves)
SustAt .         Harm     .     (no boots)
MR     +....                    (no amulet)
Stlth  ++........               (no ring)
                                h - ring of protection from magic

@: somewhat resistant to hostile enchantments, unstealthy
A: claws 2, nightstalker 1
a: Depart the Abyss, Renounce Religion


You were on level 2 of the Dungeon.
You worshipped Lugonu.
Lugonu was aware of your devotion.
You were not hungry.

You visited 1 branch of the dungeon, and saw 2 of its levels.
You visited the Abyss 1 time.

You collected 83 gold pieces.

Inventory:

Hand Weapons
 a - a +1 hand axe (weapon)
Missiles
 i - 3 tomahawks (quivered)
Armour
 b - a +0 leather armour (worn)
Jewellery
 h - a ring of protection from magic (left claw)
 j - an uncursed ring of magical power {unknown}
Scrolls
 g - a scroll of identify {unknown}
 k - a scroll of enchant armour {unknown}
Potions
 d - 2 potions of magic {unknown}
 e - a potion of lignification {unknown}
Comestibles
 c - 2 bread rations
 f - a meat ration
 l - a beef jerky


   Skills:
 + Level 4.2 Fighting
 + Level 2.6 Axes
 + Level 2.6 Armour
 + Level 1.1 Dodging
 + Level 3.0 Invocations


You had 3 spell levels left.
You didn't know any spells.

Dungeon Overview and Level Annotations

Branches:
Dungeon (2/15)

Altars:


Innate Abilities, Weirdness & Mutations

You have very sharp fingernails.
You are slightly more attuned to the shadows.


Message History

The worm is heavily wounded.
The worm bites you.
You hit the worm.
The worm is heavily wounded.
You hit the worm.
The worm is severely wounded.
The worm bites you.
You hit the worm.
The worm is severely wounded.
The worm bites you but does no damage.
You hit the worm.
The worm is almost dead.
The worm bites you!
* * * LOW HITPOINT WARNING * * *
You hit the worm.
The worm is almost dead.
You barely miss the worm.
The worm is almost dead.
The worm bites you.
You die...

#.......#
########.#
..#....# #.#
#.#.##.###.#
#.#.##.....#
#.#.########
#.#.# #w#.#
#@..# #####


You could see a worm.

Vanquished Creatures
  An eye of draining (Abyss:1)
  A worm (D:2)
  2 giant geckos (D:1)
  3 hobgoblins
  4 jackals (D:2)
  2 quokkas (D:2)
  A ball python (D:2)
  3 bats
  5 giant newts
  A goblin (D:2)
  A kobold (D:1)
  3 rats
27 creatures vanquished.

Notes
Turn   | Place    | Note
--------------------------------------------------------------
     0 | Abyss:1  | Gargoyl the Demonspawn Abyssal Knight began the quest for the Orb.
     0 | Abyss:1  | Reached XP level 1. HP: 18/18 MP: 2/2
    58 | Abyss:1  | Noticed an eye of draining
    76 | Abyss:1  | Killed an eye of draining
    76 | Abyss:1  | Reached skill level 4 in Fighting
    76 | Abyss:1  | Reached skill level 1 in Dodging
    76 | Abyss:1  | Gained mutation: You are slightly more attuned to the shadows. [demonic ancestry]
    76 | Abyss:1  | Reached XP level 2. HP: 25/25 MP: 0/4
    76 | Abyss:1  | Gained mutation: You have sharp fingernails. [demonic ancestry]
    76 | Abyss:1  | Reached XP level 3. HP: 30/30 MP: 0/5
    76 | Abyss:1  | Gained mutation: You have very sharp fingernails. [demonic ancestry]
    76 | Abyss:1  | Reached XP level 4. HP: 37/37 MP: 0/6
    97 | Abyss:1  | Noticed a small abomination
   124 | Abyss:1  | Noticed a demonic crawler
   150 | Abyss:1  | Noticed an orange demon
   151 | D:1      | Escaped the Abyss
   581 | D:1      | Reached * piety under Lugonu
  1263 | D:2      | Slain by a worm

Skill      XL: |  1  2  3  4 |
---------------+-------------+-----
Fighting       | 4 |  4.2
Axes           | 2 |  2.6
Armour         | 2 |  2.6
Dodging        | 1 |  1.1
Invocations    | 3 |  3.0

Action                   |  1- 3 |  4- 6 || total
-------------------------+-------+-------++-------
Melee: Hand axe          |    16 |    80 ||    96
Invok: Depart the Abyss  |       |     1 ||     1
 Stab: Sleeping          |       |     1 ||     1
  Eat: Chunk             |       |     1 ||     1
Armor: Leather armour    |       |    26 ||    26
Dodge: Dodged            |       |    66 ||    66
